 Dungeon Crawl Stone Soup version 0.30-a0-996-ga6910c8ee8 (webtiles) character file.

Game seed: 10423431670873909794

774 Pimp the Stinger (level 7, -6/51 HPs)
             Began as a Barachi Venom Mage on Apr 4, 2023.
             Mangled by Pikel
             ... wielding a +1 whip of freezing
              (10 damage)
             ... on level 5 of the Dungeon.
             The game lasted 00:17:10 (5482 turns).

Pimp the Stinger (Barachi Venom Mage)               Turns: 5482, Time: 00:17:11

Health: -6/51      AC:  5    Str:  9    XL:     7   Next: 84%
Magic:  1/12       EV: 14    Int: 24    God:
Gold:   277        SH:  0    Dex: 18    Spells: 6/13 levels left

rFire   . . .      SeeInvis .    n - +0 short sword
rCold   . . .      Faith    .    (no shield)
rNeg    . . .      Spirit   .    a - +0 robe
rPois   .          Reflect  .    (no helmet)
rElec   .          Rampage  .    g - +0 cloak
rCorr   .                        (no gloves)
Will    .....                    i - +1 pair of boots
Stlth   ++                       e - amulet of regeneration
HPRegen 1.08/turn                x - +6 ring of dexterity
MPRegen 0.13/turn                u - +6 ring of intelligence

@: lethally poisoned (-6 -> -7), very slightly contaminated, slow
A: amphibious, slowness 1, strong legs 1, +LOS
a: Hop


You were on level 5 of the Dungeon.
You visited 1 branch of the dungeon, and saw 5 of its levels.

You collected 277 gold pieces.

Inventory:

Hand Weapons
 d - a +0 dagger
 n - a +0 short sword (weapon)
 s - a +1 dagger of distortion
Missiles
 t - 2 throwing nets
Armour
 a - a +0 robe (worn)
 c - a +0 leather armour
 g - a +0 cloak (worn)
 i - a +1 pair of boots (worn)
 l - a +0 buckler
 m - a +0 ring mail
Magical Staves
 k - a staff of cold
Jewellery
 e - an amulet of regeneration (around neck)
 j - a ring of willpower
 u - a +6 ring of intelligence (right hand)
 x - a +6 ring of dexterity (left hand)
Scrolls
 f - 2 scrolls of fog
 v - a scroll of identify
 w - a scroll of amnesia
 y - a scroll of enchant armour
Potions
 b - 2 potions of magic
 h - a potion of lignification
 o - a potion of flight {unknown}
 p - a potion of degeneration {unknown}
 q - a potion of heal wounds
 r - a potion of mutation {unknown}


   Skills:
 + Level 2.8 Fighting
 + Level 2.6 Short Blades
 + Level 2.8 Armour
 + Level 4.0 Dodging
 - Level 2.3 Stealth
 + Level 3.6 Spellcasting
 + Level 3.5 Transmutations
 + Level 2.8 Ice Magic
 + Level 4.8 Poison Magic


You had 6 spell levels left.
You knew the following spells:

 Your Spells              Type           Power      Damage    Failure   Level
a - Sting                 Tmut/Pois      96%        1d7       1%          1
b - Poisonous Vapours     Pois/Air       30%        N/A       6%          2
c - Olgreb's Toxic Radia  Pois           27%        N/A       14%         4

Your spell library contained the following spells:

 Spells                   Type           Power      Damage    Failure   Level
 Lesser Beckoning         Tloc           8%         N/A       16%         2
 Mephitic Cloud           Conj/Pois/Air  12%        N/A       16%         3
 Call Canine Familiar     Summ           4%         N/A       30%         3
 Gell's Gravitas          Tloc           4%         N/A       30%         3
 Portal Projectile        Hex/Tloc       8%         N/A       30%         3
 Teleport Other           Tloc           4%         N/A       30%         3
 Leda's Liquefaction      Hex/Erth       2%         N/A       71%         4


Dungeon Overview and Level Annotations

Branches:
Dungeon (5/15)
 Temple: D:4-7

Altars:
Wu Jian

Annotations:
D:3 2 transporters, monoptic's ghost, weakling SpEn
D:5 Pikel


Innate Abilities, Weirdness & Mutations

You are amphibious.
You cover ground slowly.
You can hop short distances.
You have an extended range of vision and can be seen from far away.


Message History

Aim: Pikel, wielding a +1 whip of freezing, wearing a +0 robe and carrying a wand of light (6) (very poisoned) Poisonous vapours surround Pikel!
Pikel looks even sicker.
A lemure comes into view.
Pikel zaps a wand.
The bolt of light hits you!
Casting: Poisonous Vapours (safe; 6% risk of failure)
Confirm with . or Enter, or press ? or * to list all spells.
Aiming: Poisonous Vapours (safe; 6% risk of failure)
Press: ? - help, Dir - move target, f/p - Pikel
Aim: Pikel, wielding a +1 whip of freezing, wearing a +0 robe and carrying a wand of light (5) (very poisoned) Poisonous vapours surround Pikel!
Pikel looks as sick as possible!
The lemure shouts!
Pikel hits you with a +1 whip of freezing.
Pikel freezes you.
You feel much better.
Pikel hits you with a +1 whip of freezing!
Pikel freezes you.
You hit Pikel but do no damage.
Pikel is moderately wounded.
Pikel hits you with a +1 whip of freezing.
Pikel freezes you.
You hit Pikel but do no damage.
Pikel is moderately wounded.
Pikel closely misses you.
You hit Pikel but do no damage.
Pikel is heavily wounded.
The lemure hits you. x2
Pikel hits you with a +1 whip of freezing.
Pikel freezes you.
Casting: Poisonous Vapours (safe; 6% risk of failure)
Confirm with . or Enter, or press ? or * to list all spells.
The spell is quite dangerous to miscast (14% risk of failure)!
Continue anyway?
You miscast Olgreb's Toxic Radiance.
You are very lightly contaminated with residual magic.
You feel odd!
You are poisoned.
* * * LOW HITPOINT WARNING * * *
You feel sick. The lemure misses you. The lemure hits you!
* * * LOW HITPOINT WARNING * * *
Pikel hits you with a +1 whip of freezing!
You die...

##.###..
#...#######.#
.# ... #..##
.# .. #..##
#...# #.#.# #
#.#.# #.##
#.#.####.....
#.#..5.....#
#.#.@K...#..
#....55......
###......###.
......(.#
#......#...
#.####...##.
#. #.## #. .#
#. #


You could see Pikel (very poisoned) and 3 lemures.

Vanquished Creatures
  An ogre (D:5)
  2 centaurs
  A scorpion (D:5)
  A howler monkey (D:5)
  3 orc priests
  A sleepcap (D:4)
  3 iguanas
  Natasha (twice) (D:3)
  3 gnolls (D:4)
  6 adders
  3 dart slugs
  13 orcs
  9 ball pythons
  9 endoplasms
  3 giant cockroaches
  9 hobgoblins
  2 jackals (D:2)
  3 quokkas
  4 bats
  3 frilled lizards
  12 goblins
  5 kobolds
  5 rats
103 creatures vanquished.

Notes
Turn   | Place    | Note
-------+----------+-------------------------------------------
     0 | D:1      | Pimp the Barachi Venom Mage began the quest for the Orb.
     0 | D:1      | Reached XP level 1. HP: 13/13 MP: 3/3
   349 | D:1      | Reached XP level 2. HP: 19/19 MP: 5/5
   671 | D:1      | Learned a level 2 spell: Poisonous Vapours
   698 | D:1      | Found a faded altar of an unknown god.
   883 | D:1      | Reached XP level 3. HP: 19/24 MP: 6/6
  1928 | D:2      | Reached XP level 4. HP: 30/30 MP: 0/8
  2468 | D:3      | Found a transporter.
  2468 | D:3      | Found a transporter.
  2468 | D:3      | Noticed monoptic's ghost (weakling SpEn)
  2470 | D:3      | Identified the +7 giant spiked club of Qoblegez {venom,
                  | Int+2}
  2470 | D:3      | Noticed an ogre
  2600 | D:3      | Found an ornate altar of the Wu Jian Council.
  2746 | D:3      | Noticed Natasha
  2762 | D:3      | Killed Natasha
  2855 | D:3      | Reached skill level 1 in Armour
  2855 | D:3      | Reached XP level 5. HP: 17/36 MP: 3/9
  3014 | D:3      | Reached skill level 1 in Fighting
  3014 | D:3      | Reached skill level 1 in Short Blades
  3264 | D:3      | Noticed Natasha
  3275 | D:3      | Killed Natasha
  3276 | D:3      | Reached skill level 1 in Ice Magic
  3671 | D:4      | Reached XP level 6. HP: 40/43 MP: 1/10
  4613 | D:5      | Entered Level 5 of the Dungeon
  4773 | D:4      | Learned a level 4 spell: Olgreb's Toxic Radiance
  4788 | D:5      | Reached XP level 7. HP: 40/50 MP: 3/12
  5471 | D:5      | Noticed Pikel
  5482 | D:5      | Mangled by Pikel

Illustrated notes

Levels and vault maps discovered:
D:1:      heliophobic_arrival_dark_side_of_the_moon, layout_loops_corners,
          ebering_ecumenical_altar_petrified
D:2:      cheibrodos_greedy_goblins, layout_basic
D:3:      layout_basic, nicolae_wu_jian_wuxing_cycle, gammafunk_ghost_smash,
          serial_curves, eino_curves_01, eino_curves_04, uniq_natasha
D:4:      layout_cave_pods
D:5:      corexii_shack_village, layout_loops_ring, minmay_crystal_room,
          uniq_pikel

Skill      XL: |  1  2  3  4  5  6  7 |
---------------+----------------------+-----
Stealth        | 2 |  2.3
Transmutations | 2 3 |  3.5
Poison Magic   | 4 |  4.8
Armour         | 1 2 |  2.8
Dodging        | 3 4 |  4.0
Fighting       | 1 2 |  2.8
Short Blades   | 1 2 |  2.6
Spellcasting   | 3 |  3.6
Ice Magic      | 1 2 |  2.8

Action                     |  1- 3 |  4- 6 |  7- 9 || total
---------------------------+-------+-------+-------++-------
  Melee: Unarmed           |    10 |       |       ||    10
         Dagger            |    44 |       |       ||    44
         Punch             |     2 |     2 |       ||     4
         Short sword       |    33 |   176 |    54 ||   263
   Cast: Sting             |    27 |     6 |       ||    33
         Poisonous Vapours |    17 |    52 |    29 ||    98
         Olgreb's Toxic Ra |       |       |     1 ||     1
    Use: Scroll            |       |     6 |     1 ||     7
         Potion            |       |     1 |     1 ||     2
   Stab: Sleeping          |     4 |     1 |     1 ||     6
 Armour: Robe              |    27 |    55 |     6 ||    88
  Dodge: Dodged            |    70 |   142 |    40 ||   252

Table legend: (Time is in decaauts)
 A = Elapsed time spent in this place.
 B = Non-inter-level travel time spent in this place.
 C = Inter-level travel time spent in this place.
 D = Time resting spent in this place.
 E = Time spent auto-exploring this place.
 F = Levels seen in this place.
 G = Mean time per level.
                   A        B        C        D        E       F      G
               +--------+--------+--------+--------+--------+-----+--------+
         Total |   6136 |   5948 |    188 |   1003 |   3687 |   5 | 1227.2 |
       Dungeon |   6136 |   5948 |    188 |   1003 |   3687 |   5 | 1227.2 |
               +--------+--------+--------+--------+--------+-----+--------+

Top non-repeatable levels by time:
     D:2: 1493 daAuts
     D:4: 1335 daAuts
     D:3: 1283 daAuts
     D:1: 1256 daAuts
     D:5: 766 daAuts
